 Dungeon Crawl Stone Soup version 0.26.0-41-g79a4fc7684 (webtiles) character file.

Game seed: 13334575834656520847

54 DasRunzen the Skirmisher (level 3, 0/29 HPs)
             Began as a Demonspawn Abyssal Knight on Jan 26, 2021.
             Was a Follower of Lugonu.
             Slain by Robin
             ... wielding a cursed -1 spear
              (2 damage)
             ... on level 3 of the Dungeon.
             The game lasted 00:04:12 (2333 turns).

DasRunzen the Skirmisher (DsAK)                     Turns: 2333, Time: 00:04:13

Health: 0/29       AC:  5    Str: 13    XL:     3   Next: 66%
Magic:  5/5        EV: 11    Int: 13    God:    Lugonu [*.....]
Gold:   129        SH:  0    Dex: 12    Spells: 2/2 levels left

rFire    . . .     SeeInvis .   a - +2 spear
rCold    + . .     Faith    .   (no shield)
rNeg     . . .     Spirit   .   b - +0 leather armour
rPois    .         Reflect  .   e - +0 helmet
rElec    .         Harm     .   (no cloak)
rCorr    .         Rampage  .   h - +0 pair of gloves
Will     .....                  (no boots)
Stlth    +.........             (no amulet)
HPRegen  0.09/turn              (no ring)
MPRegen  0.09/turn              (no ring)

@: lethally poisoned (0 -> -7)
A: cold resistance 1
a: Renounce Religion, Depart the Abyss


You were on level 3 of the Dungeon.
You worshipped Lugonu.
Lugonu was aware of your devotion.
You visited 1 branch of the dungeon, and saw 3 of its levels.
You visited the Abyss 1 time.

You collected 129 gold pieces.

Inventory:

Hand Weapons
 a - a +2 spear (weapon)
Armour
 b - a +0 leather armour (worn)
 e - a +0 helmet (worn)
 h - a +0 pair of gloves (worn)
Scrolls
 c - 2 scrolls of amnesia
 i - 2 scrolls of remove curse
Potions
 f - 2 potions of invisibility
 g - a potion of brilliance
 j - a potion of berserk rage
 k - 2 potions of resistance
 o - a potion of haste
 q - 2 potions of ambrosia {unknown}
 r - a potion of cancellation {unknown}


   Skills:
 + Level 3.3 Fighting
 + Level 2.3 Polearms
 + Level 2.2 Armour
 + Level 1.5 Dodging
 + Level 3.1 Invocations


You had 2 spell levels left.
You didn't know any spells.
Your spell library was empty.

Dungeon Overview and Level Annotations

Branches:
Dungeon (3/15)

Altars:

Annotations:
D:3 Robin


Innate Abilities, Weirdness & Mutations

Your flesh is cold resistant. (rC+)


Message History

Unknown command.
You completely miss the adder.
The adder is severely wounded.
The goblin hits you but does no damage. Robin barely misses you.
The adder bites you but does no damage. The goblin closely misses you.
You closely miss the adder.
The adder is severely wounded.
* * * LOW HITPOINT WARNING * * *
You feel sick. The adder barely misses you. Robin closely misses you.
The goblin hits you but does no damage. The goblin hits you with a +0 club.
* * * LOW HITPOINT WARNING * * *
The adder bites you.
* * * LOW HITPOINT WARNING * * *
You hit the adder.
You kill the adder!
Lugonu accepts your kill.
* * * LOW HITPOINT WARNING * * *
You feel sick.
Robin hits you from afar with a cursed -1 spear.
You die...

### #g################
############@g...............
.......(...#)################
#.Sg.gg...# #########..
..#######g###.#.#.#
#.......... #....Sgg).#
#.#.#.# #..........
..##.gggg.# #.#.#.#
#.......... #.####.#
#.#.#.####.......(.. .. ..#
#.#.#..........†.... ... ###
#.#.#.####..........


You could see Robin and 2 goblins.

Vanquished Creatures
  An adder (D:3)
  An ooze (D:2)
  A worm (D:2)
  2 dart slugs (D:1)
  A leopard gecko (D:3)
  A ball python (D:2)
  2 giant cockroaches
  10 goblins
  3 hobgoblins
  4 jackals (D:2)
  A bat (D:2)
  2 frilled lizards
  2 kobolds
  10 rats
41 creatures vanquished.

Notes
Turn   | Place    | Note
-------+----------+-------------------------------------------
     0 | Abyss:1  | DasRunzen the Demonspawn Abyssal Knight began the quest for
                  | the Orb.
     0 | Abyss:1  | Reached XP level 1. HP: 18/18 MP: 2/2
    56 | Abyss:1  | Found a snail-covered altar of Cheibriados.
    58 | Abyss:1  | Noticed a salamander
    59 | D:1      | Escaped the Abyss
   157 | D:1      | Reached skill level 1 in Dodging
   492 | D:1      | Reached * piety under Lugonu
   635 | D:1      | Gained mutation: Your flesh is cold resistant. (rC+)
                  | [demonic ancestry]
   635 | D:1      | Reached XP level 2. HP: 16/24 MP: 4/4
  1343 | D:2      | Reached XP level 3. HP: 29/29 MP: 5/5
  2281 | D:3      | Noticed Robin
  2319 | D:3      | HP: 1/29 [Robin/goblin (2)]
  2333 | D:3      | Slain by Robin

Illustrated notes

Levels and vault maps discovered:
D:1:      lightli_arrival_statue_moat, layout_loops_corners
D:2:      layout_rooms, serial_co_window_serial, co_window_paths_b,
          co_window_paths_a, co_window_paths_a, co_window_cross_1,
          co_window_corner_a, co_window_broadway_b, co_window_of_opportunity_b,
          co_window_broadway_b, co_window_corner_b, co_window_4corner_b
D:3:      layout_basic, kennysheep_minor_cross, serial_bayou_pond_d,
          kennysheep_donut, uniq_robin

Skill      XL: |  1  2  3 |
---------------+----------+-----
Dodging        | 1 |  1.5
Armour         | 2 |  2.2
Polearms       | 2 |  2.3
Invocations    | 3 |  3.1
Fighting       | |  3.3

Action                   || total
-------------------------++-------
Melee: Spear             ||   152
Invok: Depart the Abyss  ||     1
  Use: Scroll            ||    13
       Potion            ||     2
 Stab: Distracted        ||     1
Armor: Leather armour    ||    35
Dodge: Dodged            ||   108
